 Dungeon Crawl Stone Soup version 0.27.0-1-g7a089689b8 (webtiles) character file.

Game seed: 6850171776606107153

224 Malachi the Chopper (level 5, -5/39 HPs)
             Began as a Demonspawn Gladiator on Aug 13, 2021.
             Was a Believer of Nemelex Xobeh.
             Slain by a soul eater (11 damage)
             ... summoned by the player character
             ... on level 3 of the Dungeon.
             The game lasted 00:04:13 (2710 turns).

Malachi the Chopper (Demonspawn Gladiator)          Turns: 2710, Time: 00:04:13

Health: -5/39      AC:  5    Str: 15    XL:     5   Next: 67%
Magic:  5/5        EV: 11    Int: 10    God:    Nemelex Xobeh [**....]
Gold:   1167       SH:  4    Dex: 14    Spells: 4/4 levels left

rFire    . . .     SeeInvis .   a - +0 war axe (chaos)
rCold    . . .     Faith    .   f - +0 buckler
rNeg     . . .     Spirit   .   e - +0 ring mail
rPois    .         Reflect  .   (helmet restricted)
rElec    .         Harm     .   (no cloak)
rCorr    .         Rampage  .   (no gloves)
Will     .....                  (no boots)
Stlth    +.........             (no amulet)
HPRegen  0.13/turn              (no ring)
MPRegen  0.09/turn              (no ring)

@: no status effects
A: horns 2, foul stench 1
a: Renounce Religion, Draw Escape, Draw Destruction, Draw Summoning


You were on level 3 of the Dungeon.
You worshipped Nemelex Xobeh.
Nemelex Xobeh was pleased with you.
You visited 1 branch of the dungeon, and saw 3 of its levels.

You collected 1167 gold pieces.

Inventory:

Hand Weapons
 a - a +0 war axe of chaos (weapon)
Missiles
 d - a throwing net (quivered)
Armour
 c - a +0 helmet
 e - a +0 ring mail (worn)
 f - a +0 buckler (worn)
Scrolls
 g - 3 scrolls of identify
 i - a scroll of silence {unknown}
Potions
 b - a potion of mutation {unknown}
 h - a potion of invisibility {unknown}
 j - 2 potions of flight
 k - a potion of curing {unknown}


   Skills:
 + Level 2.6 Fighting
 + Level 4.7 Axes
 + Level 2.0 Throwing
 + Level 1.2 Armour
 + Level 3.1 Dodging
 + Level 0.5 Stealth
 + Level 1.1 Shields


You had 4 spell levels left.
You didn't know any spells.
Your spell library contained the following spells:

 Spells                   Type           Power      Damage    Failure   Level
 Magic Dart               Conj           0%         1d3       71%         1
 Searing Ray              Conj           0%         3d3       85%         2
 Slow                     Hex            0%         N/A       85%         2
 Confusing Touch          Hex            0%         N/A       97%         3
 Fulminant Prism          Conj/Hex       0%         3d6       100%        4
 Yara's Violent Unravell  Hex/Tmut       0%         3d3       100%        5


Dungeon Overview and Level Annotations

Branches:
Dungeon (3/15)

Altars:
Nemelex Xobeh
Vehumet


Innate Abilities, Weirdness & Mutations

You have a pair of horns on your head.
You may rarely emit foul miasma when damaged in melee.


Message History

The gnoll misses you.
Your orb of destruction hits a stone wall.
You draw a card...
You have drawn the Orb.
Press: ? - help, Shift-Dir - straight line, f/p - gnoll
Aim: a gnoll, wielding a +0 spear (severely wounded)
The wavering orb of destruction weakly hits the hobgoblin!
You blow up the hobgoblin!
The deck of cards disappears without a trace.
The gnoll hits you from afar with a +0 spear.
That deck is empty!
Unknown command.
You draw a card...
You have drawn the Pentagram.
The gnoll hits you from afar with a +0 spear.
The gnoll hits your rakshasa with a +0 spear.
Your rakshasa hits the soul eater with a +0 long sword.
Your rakshasa misses the kobold.
Your rakshasa hits the kobold with a +0 long sword!
The kobold dies!
What are your orders? t - Shout!
Orders for allies: a - Attack new target. p - Attack previous target. r - Retreat! s - Stop attacking. g - Guard the area. f - Follow me.
Anything else - Cancel.
Gang up on whom?
Press: ? - help, Dir - move target, f/p - gnoll
Aim: a gnoll, wielding a +0 spear (severely wounded) Attack!
The gnoll hits you from afar with a +0 spear!
* * * LOW HITPOINT WARNING * * *
The soul eater closely misses you.
Your rakshasa hits the gnoll with a +0 long sword!
The gnoll dies!
You hit the kobold.
You feel better.
Your headbutt misses the kobold.
The kobold is moderately wounded.
You hit the soul eater but do no damage.
The kobold hits you but does no damage. The soul eater hits you!
You die...
Your body disappears without a glow.

.≈≈≈≈≈≈≈≈≈≈≈≈≈≈≈≈≈≈≈≈≈≈≈#####≈≈≈≈
#########################$$$#≈≈≈≈
.#.......#..............#$$$#≈≈≈≈
.#....)..)..............#$$$
.#########..............##)#
..#..........########......#
..'..........# #....).#
..#..........########).....#
.#########......@K.R.)..##)##
.#.....).).......3.).)..#...#
.#.......#...........)..#...#
#########################...#
#####


You could see a soul eater (summoned), a kobold (ally target) and a friendly
rakshasa (summoned).

Vanquished Creatures
  A killer bee (D:3)
  A crimson imp (D:3)
  2 gnolls (D:3)
  An adder (D:2)
  A worm (D:2)
  A dart slug (D:1)
  4 orcs (D:2)
  2 ball pythons
  5 bats
  7 endoplasms
  15 giant cockroaches
  17 goblins
  13 hobgoblins
  4 jackals (D:3)
  6 kobolds
  A frilled lizard (D:1)
  2 rats (D:1)
83 creatures vanquished.

Vanquished Creatures (collateral kills)
  A gnoll (D:3)
  A kobold (D:3)
2 creatures vanquished.

Grand Total: 85 creatures vanquished

Notes
Turn   | Place    | Note
-------+----------+-------------------------------------------
     0 | D:1      | Malachi the Demonspawn Gladiator began the quest for the
                  | Orb.
     0 | D:1      | Reached XP level 1. HP: 16/16 MP: 1/1
   221 | D:1      | Reached skill level 3 in Axes
   239 | D:1      | Gained mutation: You may rarely emit foul miasma when
                  | damaged in melee. [demonic ancestry]
   239 | D:1      | Reached XP level 2. HP: 22/22 MP: 2/2
   637 | D:1      | Found a faded altar of an unknown god.
   651 | D:1      | Became a worshipper of Nemelex Xobeh the Trickster
   651 | D:1      | Reached * piety under Nemelex Xobeh
   651 | D:1      | Received a gift from Nemelex Xobeh
   772 | D:2      | Gained mutation: You have a pair of small horns on your
                  | head. [demonic ancestry]
   772 | D:2      | Reached XP level 3. HP: 27/27 MP: 3/3
  1231 | D:2      | Reached skill level 4 in Axes
  1453 | D:2      | Gained mutation: You have a pair of horns on your head.
                  | [demonic ancestry]
  1453 | D:2      | Reached XP level 4. HP: 33/33 MP: 4/4
  1607 | D:2      | Found a radiant altar of Vehumet.
  1841 | D:3      | Reached ** piety under Nemelex Xobeh
  1881 | D:3      | Identified a scroll of acquirement
  1881 | D:3      | Acquired 1030 gold pieces
  2085 | D:3      | Noticed Grinder
  2096 | D:3      | Noticed Grinder
  2096 | D:3      | Grinder changed into Grinder the crimson imp
  2103 | D:3      | Reached skill level 1 in Armour
  2136 | D:3      | Killed Grinder the crimson imp
  2137 | D:3      | Reached XP level 5. HP: 18/39 MP: 5/5
  2549 | D:3      | Reached skill level 1 in Shields
  2701 | D:3      | Noticed a soul eater
  2710 | D:3      | Slain by a soul eater

Illustrated notes

Levels and vault maps discovered:
D:1:      lightli_arrival_lavapool, layout_rooms,
          hellmonk_ecumenical_altar_heavens_door
D:2:      minmay_roachtagon, layout_rooms, basic_altar, wad_orctagon
D:3:      minmay_goblin_kobold_castle, layout_loops_ring, uniq_grinder

Skill      XL: |  1  2  3  4  5 |
---------------+----------------+-----
Axes           | 3 4 |  4.7
Throwing       | 2 |  2.0
Armour         | 1 |  1.2
Dodging        | 3 |  3.1
Shields        | 1 |  1.1
Fighting       | |  2.6
Stealth        | |  0.5

Action                   |  1- 3 |  4- 6 || total
-------------------------+-------+-------++-------
Melee: War axe           |    80 |    88 ||   168
       Headbutt          |     2 |    13 ||    15
Throw: Throwing net      |       |     2 ||     2
Invok: Draw Destruction  |       |     5 ||     5
       Draw Summoning    |       |     1 ||     1
  Use: Scroll            |     3 |     1 ||     4
       Potion            |       |     1 ||     1
 Stab: Held in net/web   |       |     1 ||     1
Armor: Ring mail         |    43 |    32 ||    75
Dodge: Dodged            |    48 |    57 ||   105
Block: Buckler           |    15 |    23 ||    38
